 Dungeon Crawl Stone Soup version 0.30-a0-782-ge64f9170bb (webtiles) character file.

Game seed: 6774718974925972733

18 mopl the Vexing (level 2, 0/15 HPs)
             Began as a Deep Elf Enchanter on Mar 10, 2023.
             Slain by a jackal (1 damage)
             ... on level 1 of the Dungeon.
             The game lasted 00:01:02 (428 turns).

mopl the Vexing (Deep Elf Enchanter)                 Turns: 428, Time: 00:01:03

Health: 0/15       AC:  2    Str:  5    XL:     2   Next: 51%
Magic:  1/8        EV: 12    Int: 19    God:
Gold:   21         SH:  0    Dex: 15    Spells: 5/7 levels left

rFire   . . .      SeeInvis .    a - +1 dagger
rCold   . . .      Faith    .    (no shield)
rNeg    . . .      Spirit   .    b - +0 robe
rPois   .          Reflect  .    (no helmet)
rElec   .          Harm     .    g - scarf {repulsion}
rCorr   .          Rampage  .    (no gloves)
Will    .....                    (no boots)
Stlth   +++                      (no amulet)
HPRegen 0.22/turn                (no ring)
MPRegen 0.11/turn                (no ring)

@: repel missiles
A: no striking features
a: no special abilities


You were on level 1 of the Dungeon.
You visited 1 branch of the dungeon, and saw 1 of its levels.

You collected 21 gold pieces.

Inventory:

Hand Weapons
 a - a +1 dagger (weapon)
Missiles
 e - 4 poisoned darts
Armour
 b - a +0 robe (worn)
 g - a scarf of repulsion (worn)
Scrolls
 f - a scroll of teleportation {unknown}
 i - a scroll of identify {unknown}
Potions
 c - 2 potions of invisibility
 d - a potion of brilliance {unknown}
 h - a potion of resistance {unknown}


   Skills:
 + Level 1.5 Short Blades
 - Level 2.4 Dodging
 + Level 4.0 Stealth
 + Level 3.4 Spellcasting
 + Level 4.3 Hexes


You had 5 spell levels left.
You knew the following spells:

 Your Spells              Type           Power      Damage    Failure   Level
b - Ensorcelled Hibernat  Hex/Ice        22%        N/A       9%          2

Your spell library contained the following spells:

 Spells                   Type           Power      Damage    Failure   Level
 Confusing Touch          Hex            19%        N/A       8%          3
 Tukima's Dance           Hex            19%        N/A       8%          3
 Dazzling Flash           Conj/Hex       22%        N/A       19%         3


Dungeon Overview and Level Annotations

Branches:
Dungeon (1/15)

Altars:


Message History

You closely miss the jackal.
The jackal is moderately wounded.
The jackal bites you.
A dart slug comes into view.
You closely miss the jackal.
The jackal is moderately wounded.
The jackal bites you. x2
You are too injured to fight recklessly!
You are too injured to fight recklessly!
You are too injured to fight recklessly!
You are too injured to fight recklessly!
You are too injured to fight recklessly!
You are too injured to fight recklessly!
You are too injured to fight recklessly!
You are too injured to fight recklessly!
You are too injured to fight recklessly!
You are too injured to fight recklessly!
You are too injured to fight recklessly!
You are too injured to fight recklessly!
You barely miss the jackal.
The jackal is moderately wounded.
The jackal barely misses you.
You closely miss the jackal.
The jackal is moderately wounded.
The jackal bites you.
You hit the jackal.
The jackal is heavily wounded.
The jackal bites you. The jackal misses you.
You closely miss the jackal.
The jackal is heavily wounded.
The jackal bites you.
* * * LOW HITPOINT WARNING * * *
You hit the jackal but do no damage.
The jackal is heavily wounded.
The jackal bites you.
* * * LOW HITPOINT WARNING * * *
You closely miss the jackal.
The jackal is heavily wounded.
The jackal bites you.
You die...

# ##.... #.# #.##...##
###.# .#........
...###.####...##
#...........##
#.#.#######.#
#...!.......#
#.########...#########
#......@hSw..#
..########...# .....#
###..## .... .#..##
#.#..# # ...#


You could see a dart slug, a jackal and a ball python.

Vanquished Creatures
  3 giant cockroaches (D:1)
  A hobgoblin (D:1)
  5 jackals (D:1)
  A quokka (D:1)
  A ball python (D:1)
  A frilled lizard (D:1)
  2 kobolds (D:1)
  3 rats (D:1)
17 creatures vanquished.

Notes
Turn   | Place    | Note
-------+----------+-------------------------------------------
     0 | D:1      | mopl the Deep Elf Enchanter began the quest for the Orb.
     0 | D:1      | Reached XP level 1. HP: 10/10 MP: 6/6
   176 | D:1      | Reached XP level 2. HP: 11/15 MP: 8/8
   179 | D:1      | Learned a level 2 spell: Ensorcelled Hibernation
   361 | D:1      | Reached skill level 4 in Stealth
   428 | D:1      | Slain by a jackal

Illustrated notes

Levels and vault maps discovered:
D:1:      mainiacjoe_arrival_reflecting_pool, layout_loops_ring,
          grunt_decor_junction

Skill      XL: |  1  2 |
---------------+-------+-----
Stealth        | 4 |  4.0
Short Blades   | |  1.5
Dodging        | |  2.4
Spellcasting   | |  3.4
Hexes          | |  4.3

Action                     || total
---------------------------++-------
  Melee: Dagger            ||    64
   Cast: Ensorcelled Hiber ||    11
   Stab: Sleeping          ||     9
 Armour: Robe              ||    13
  Dodge: Dodged            ||    40

Table legend: (Time is in decaauts)
 A = Elapsed time spent in this place.
 B = Non-inter-level travel time spent in this place.
 C = Inter-level travel time spent in this place.
 D = Time resting spent in this place.
 E = Time spent auto-exploring this place.
 F = Levels seen in this place.
 G = Mean time per level.
                   A        B        C        D        E       F      G
               +--------+--------+--------+--------+--------+-----+--------+
         Total |    424 |    424 |      0 |     70 |    202 |   1 |  424.0 |
       Dungeon |    424 |    424 |      0 |     70 |    202 |   1 |  424.0 |
               +--------+--------+--------+--------+--------+-----+--------+

Top non-repeatable levels by time:
     D:1: 424 daAuts
